 Dungeon Crawl Stone Soup version 0.30.0-17-ge0270778cf (webtiles) character file.

Game seed: 2621216408356979328

6 Farfigtubin the Gusty (level 1, -1/10 HPs)
             Began as a Tengu Air Elementalist on May 22, 2023.
             Slain by a quokka (4 damage)
             ... on level 1 of the Dungeon.
             The game lasted 00:05:31 (281 turns).

Farfigtubin the Gusty (Tengu Air Elementalist)       Turns: 281, Time: 00:05:32

Health: -1/10      AC:  2    Str:  8    XL:     1   Next: 90%
Magic:  1/4        EV: 12    Int: 15    God:
Gold:   3          SH:  0    Dex: 14    Spells: 3/4 levels left

rFire   . . .        (no weapon)
rCold   . . .        (no shield)
rNeg    . . .        a - +0 robe
rPois   .            (helmet restricted)
rElec   .            (no cloak)
rCorr   .            (no gloves)
SInv    .            (boots unavailable)
Will    .....        (no amulet)
Stlth   ++           (no ring)
HPRegen 0.21/turn    (no ring)
MPRegen 0.09/turn

%: no passive effects
@: very slightly contaminated
A: beak, talons 3
a: no special abilities


You were on level 1 of the Dungeon.
You visited 1 branch of the dungeon, and saw 1 of its levels.

You collected 3 gold pieces.

Inventory:

Armour
 a - a +0 robe (worn)
Potions
 b - a potion of magic
 c - a potion of curing {unknown}
 d - a potion of degeneration {unknown}


   Skills:
 - Level 2.1 Dodging
 - Level 2.0 Stealth
 + Level 2.1 Spellcasting
 - Level 1.3 Conjurations
 * Level 4.4 Air Magic


You had 3 spell levels left.
You knew the following spells:

 Your Spells              Type           Power      Damage    Failure   Level
a - Shock                 Conj/Air       40%        1d5       7%          1

Your spell library contained the following spells:

 Spells                   Type           Power      Damage    Failure   Level
 Static Discharge         Conj/Air       20%        2-3/arc   10%         2
 Swiftness                Air            14%        N/A       11%         3
 Airstrike                Air            7%         2d(1-17)  34%         4


Dungeon Overview and Level Annotations

Branches:
Dungeon (1/15)

Altars:


Innate Abilities, Weirdness & Mutations

You have a beak for a mouth.
You have claws for feet.


Message History

The hobgoblin attacks as you move away! The hobgoblin misses you.
The hobgoblin attacks as you move away! The hobgoblin misses you.
You see here a hobgoblin corpse.
The hobgoblin attacks as you move away! The hobgoblin misses you.
Aiming: Shock (safe; 7% risk of failure)
Press: ? - help, Q - select action Shift-Dir - straight line, f/p - hobgoblin
Aim: a hobgoblin (almost dead, 68% to hit)
The zap hits the hobgoblin.
You kill the hobgoblin!
You start resting.
Magic restored.
d - a lumpy inky potion A quokka comes into view.
Aiming: Shock (safe; 7% risk of failure)
Press: ? - help, Q - select action Shift-Dir - straight line The zap hits the quokka but does no damage.
The zap misses the quokka.
Aiming: Shock (safe; 7% risk of failure)
Press: ? - help, Q - select action Shift-Dir - straight line The zap misses the quokka.
The quokka closely misses you. The quokka attacks as you move away!
The quokka bites you. The quokka attacks as you move away!
The quokka barely misses you. The quokka bites you.
Aiming: Shock (safe; 7% risk of failure)
Press: ? - help, Q - select action Shift-Dir - straight line You miscast Shock.
You are very lightly contaminated with residual magic.
Nothing appears to happen.
The quokka bites you.
* * * LOW HITPOINT WARNING * * *
The quokka bites you.
* * * LOW HITPOINT WARNING * * *
Aiming: Shock (safe; 7% risk of failure)
Press: ? - help, Q - select action Shift-Dir - straight line, f - quokka
Aim: a quokka (56% to hit)
The zap hits the quokka.
The quokka is almost dead.
The quokka bites you.
You die...

.......... #.............
...~...#.#.#...........##
†......#.#.#..#..####..#
.................# .#
##.....#.#.#.##..# ...##
#.#. #..# .# #. . ..#
#..# .. ... ##
#.#.###.####.#.#.#
.......@.........
#.#####r####.#.# #.# ...
#.#####.####.#.#.#
#................#
################.#


You could see a quokka.

Vanquished Creatures
  2 hobgoblins (D:1)
  3 bats (D:1)
  A rat (D:1)
6 creatures vanquished.

Vanquished Creatures (others)
  A kraken (D:1)
  A minotaur (D:1)
  A demonspawn (D:1)
  A draconian (D:1)
  An octopode (D:1)
  2 merfolk (D:1)
  A demigod (D:1)
  A tengu (D:1)
  A mummy (D:1)
  2 gnolls (D:1)
  An orc (D:1)
  4 tentacles (D:1)
17 creatures vanquished.

Grand Total: 23 creatures vanquished

Notes
Turn   | Place    | Note
-------+----------+-------------------------------------------
     0 | D:1      | Farfigtubin the Tengu Air Elementalist began the quest for
                  | the Orb.
     0 | D:1      | Reached XP level 1. HP: 10/10 MP: 4/4
     2 | D:1      | Noticed a tengu
     2 | D:1      | Noticed a minotaur
     2 | D:1      | Noticed a demonspawn
     2 | D:1      | Noticed a merfolk
     2 | D:1      | Noticed a draconian
     2 | D:1      | Noticed a kraken
     2 | D:1      | Noticed a merfolk
     2 | D:1      | Noticed a demigod
     2 | D:1      | Noticed a ghoul
     2 | D:1      | Noticed an octopode
     2 | D:1      | Noticed a minotaur
     2 | D:1      | Noticed a demonspawn
     2 | D:1      | Killed a tengu
     5 | D:1      | Killed a demonspawn
     9 | D:1      | Killed a minotaur
    11 | D:1      | Killed a draconian
    12 | D:1      | Killed an octopode
    13 | D:1      | Killed a demigod
    14 | D:1      | Killed a merfolk
    18 | D:1      | Killed a merfolk
    21 | D:1      | Killed a kraken
   281 | D:1      | Slain by a quokka

Illustrated notes

Levels and vault maps discovered:
D:1:      nicolae_arrival_kraken_aquarium_b, layout_basic, serial_rivers,
          chequers_serial_rivers_large_b, chequers_serial_rivers_micro_c,
          chequers_serial_rivers_large_a, chequers_serial_rivers_micro_b,
          chequers_serial_rivers_micro_e, st_stairs_12, skrybe_limestone_x,
          minmay_hedge_maze

Action                     || total
---------------------------++-------
   Cast: Shock             ||    14
  Dodge: Dodged            ||     7
